 Dungeon Crawl Stone Soup version 0.22-a0-609-gfedc9ff (webtiles) character file.

1339 sking99 the Insei (level 8, 0/62 HPs)
             Began as a Merfolk Transmuter on July 10, 2018.
             Was a Follower of Cheibriados.
             Slain by a wight
             ... wielding a +2 long sword
              (1 damage)
             ... on level 7 of the Dungeon.
             The game lasted 00:10:14 (5825 turns).

sking99 the Insei (Merfolk Transmuter)              Turns: 5825, Time: 00:10:16

Health: 0/62       AC:  2    Str: 13    XL:     8   Next: 61%
Magic:  5/11       EV: 26    Int: 17    God:    Cheibriados [*.....]
Gold:   493        SH:  0    Dex: 23    Spells: 5/11 levels left

rFire    . . .     SeeInvis .     - Unarmed
rCold    . . .     Gourm    .   (shield currently unavailable)
rNeg     . . .     Faith    .   (armour currently unavailable)
rPois    x         Spirit   .   (helmet currently unavailable)
rElec    .         Reflect  .   (cloak currently unavailable)
rCorr    .         Harm     .   (gloves currently unavailable)
MR       .....                  (boots currently unavailable)
Stlth    ++........             (no amulet)
HPRegen  0.20/turn              (no ring)
MPRegen  0.12/turn              (no ring)

@: spider-form (expiring), drained, very slow
A: tiny, (change form in water), (swift swim), (stealthy swim)
a: End Transformation, Bend Time, Renounce Religion


You were on level 7 of the Dungeon.
You worshipped Cheibriados.
Cheibriados was aware of your devotion.
You were not hungry.
You were a venomous arachnid creature.
You visited 1 branch of the dungeon, and saw 7 of its levels.

You collected 493 gold pieces.

Inventory:

Missiles
 a - 88 arrows
Armour
 l - a +2 robe of magic resistance (melded)
 m - a +0 pair of gloves (melded)
 o - a +1 cloak (melded)
Jewellery
 v - a +2 ring of evasion {unknown}
Wands
 y - a wand of paralysis (10)
Scrolls
 e - 2 scrolls of enchant weapon
 f - 2 scrolls of fear {unknown}
 g - 4 scrolls of remove curse
 p - 3 scrolls of blinking
 q - a scroll of amnesia {unknown}
 s - a scroll of immolation {unknown}
 t - a scroll of identify
 u - a scroll of teleportation
 w - a scroll of noise {unknown}
 z - a scroll of vulnerability {unknown}
Potions
 b - 3 potions of curing
 c - 3 potions of ambrosia
 h - 3 potions of haste
 i - 2 potions of agility
 j - a potion of lignification
 k - a potion of flight
 n - a potion of mutation
 r - a potion of might
 x - a potion of heal wounds {unknown}
Comestibles
 d - 12 rations


   Skills:
 + Level 5.0(4.6) Fighting
 + Level 6.5(6.1) Dodging
 * Level 7.9(7.5) Unarmed Combat
 - Level 2.0(1.6) Spellcasting
 - Level 6.0(5.6) Transmutations
 - Level 1.0(0.6) Poison Magic


You had 5 spell levels left.
You knew the following spells:

 Your Spells              Type           Power        Failure   Level  Hunger
a - Beastly Appendage     Tmut           ###...       8%          1    ##.....
b - Sticks to Snakes      Tmut           ###.....     11%         2    ###....
c - Spider Form           Tmut/Pois      ##........   36%         3    ####...

Your spell library contained the following spells:

 Spells                   Type           Power        Failure   Level  Hunger
 Blade Hands              Tmut           ###.......   71%         5    ######.
 Ice Form                 Ice/Tmut       ##......     75%         4    #####..


Dungeon Overview and Level Annotations

Branches:
Dungeon (7/15)             Temple (0/1) D:6

Altars:
Cheibriados
Dithmenos
Fedhas
Xom
Yredelemnul

Annotations:
D:7 1 runed door, WinstonMain's ghost, novice DsAK


Message History

The leopard gecko hisses angrily.
The bullfrog misses you. The bullfrog barely misses you.
You hit the bullfrog.
The bullfrog is poisoned.
The bullfrog is severely wounded.
The bullfrog completely misses you.
You closely miss the bullfrog.
The bullfrog is severely wounded.
The bullfrog hits you!
* * * LOW HITPOINT WARNING * * *
The bullfrog closely misses you.
Unknown command.
The bullfrog hits you.
* * * LOW HITPOINT WARNING * * *
You hit the bullfrog.
You kill the bullfrog!
Cheibriados thoroughly appreciates the change of pace.
The wight hits you with an enchanted long sword!
* * * LOW HITPOINT WARNING * * *
You feel drained.
You die...

...... ..(..#.#..
..#......# ...$.#.#.#
.........#######+####
.......#............#
..........).........#
.........lz.........# ##
.....$...†s.........# #.
....................# #.
...............)....#.####.
.....###............#..../.
..... #.......##'########.#
#... #.#.#.#.##.# #...# #?.
#.......##<# #.### #).
#.#.#.#.##)# #.#
#........#'######.#


You could see a wight and a leopard gecko.

Vanquished Creatures
  A hippogriff (D:7)
  A centaur (D:6)
  2 bullfrogs
  6 killer bees (D:7)
  3 wights (D:7)
  4 crimson imps
  A quasit (D:6)
  3 hounds
  A centaur zombie (D:6)
  A bullfrog skeleton (D:4)
  An orc wizard (D:6)
  2 iguanas (D:5)
  A killer bee zombie (D:6)
  A worker ant zombie (D:5)
  5 adders
  5 shadow imps
  3 adder skeletons
  A worm (D:4)
  4 dart slugs
  3 leopard geckos
  5 orcs
  9 bats
  A giant cockroach (D:1)
  6 goblins
  3 hobgoblins (D:1)
  10 jackals
  6 kobolds
  A ball python (D:1)
  5 frilled lizards
  A leopard gecko skeleton (D:5)
  5 rats
101 creatures vanquished.

Vanquished Creatures (collateral kills)
  A jackal (D:2)
1 creature vanquished.

Grand Total: 102 creatures vanquished

Notes
Turn   | Place    | Note
-------+----------+-------------------------------------------
     0 | D:1      | sking99 the Merfolk Transmuter began the quest for the Orb.
     0 | D:1      | Reached XP level 1. HP: 15/15 MP: 3/3
   248 | D:1      | Reached XP level 2. HP: 21/21 MP: 5/5
   269 | D:1      | Learned a level 2 spell: Sticks to Snakes
   680 | D:1      | Reached XP level 3. HP: 27/27 MP: 6/6
   685 | D:1      | Learned a level 3 spell: Spider Form
   964 | D:2      | Reached skill level 4 in Unarmed Combat
  1536 | D:2      | Reached XP level 4. HP: 31/33 MP: 3/7
  1665 | D:2      | Reached skill level 1 in Poison Magic
  2302 | D:3      | Found a faded altar of an unknown god.
  2880 | D:4      | Reached XP level 5. HP: 39/39 MP: 4/8
  3009 | D:5      | Entered Level 5 of the Dungeon
  3205 | D:5      | Reached skill level 5 in Unarmed Combat
  3437 | D:5      | Reached XP level 6. HP: 44/46 MP: 9/9
  4053 | D:5      | Found a shadowy altar of Dithmenos.
  4060 | D:5      | Found a basalt altar of Yredelemnul.
  4068 | D:5      | Found a snail-covered altar of Cheibriados.
  4091 | D:5      | Became a worshipper of Cheibriados the Contemplative
  4204 | D:6      | Found a shadowy altar of Dithmenos.
  4383 | D:6      | Reached XP level 7. HP: 52/52 MP: 6/10
  4466 | D:6      | Reached skill level 5 in Transmutations
  4472 | D:6      | Reached skill level 6 in Unarmed Combat
  4550 | D:6      | Found a blossoming altar of Fedhas.
  4578 | D:6      | Found a staircase to the Ecumenical Temple.
  4649 | D:6      | Reached skill level 5 in Dodging
  5170 | D:7      | Found a runed door.
  5170 | D:7      | Found a shimmering altar of Xom.
  5170 | D:7      | Noticed a long sword of chaos
  5170 | D:7      | Noticed WinstonMain's ghost (novice DsAK)
  5208 | D:7      | Reached * piety under Cheibriados
  5208 | D:7      | Reached XP level 8. HP: 7/60 MP: 5/11
  5215 | D:7      | Reached skill level 7 in Unarmed Combat
  5244 | D:7      | HP: 3/61 [poisoned by a killer bee]
  5253 | D:7      | HP: 3/61 [poisoned by a killer bee]
  5259 | D:7      | HP: 3/61 [poisoned by a killer bee]
  5265 | D:7      | HP: 3/61 [poisoned by a killer bee]
  5793 | D:7      | Noticed a hippogriff
  5809 | D:7      | Killed a hippogriff
  5817 | D:7      | Reached skill level 5 in Fighting
  5825 | D:7      | HP: 1/62 [wight/enchanted long sword (8)]
  5825 | D:7      | Slain by a wight

Vault maps used:
D:1:      lemuel_arrival_rhombus, minmay_crystal_room, minivault_4
D:3:      chequers_ecumenical_altar_lobes
D:4:      grunt_decor_one_mirror
D:5:      minitemple, first_ration
D:6:      fedhas_altar_3, minmay_temple_entry_statues, basic_altar,
          kennysheep_generic_room_5
D:7:      serial_glass, glass_columns_b, glass_columns_a, feat_on_display,
          minmay_strange_pillars, ebering_ghost_xom, the_bakery,
          serial_bayou_lagoon_a

Skill      XL: |  1  2  3  4  5  6  7  8 |
---------------+-------------------------+-----
Dodging        | 3 4 5 6 |  6.5
Transmutations | 3 4 5 6 |  6.0
Unarmed Combat | 4 5 6 7 |  7.9
Fighting       | 2 3 4 5 |  5.0
Poison Magic   | 1 |  1.0
Spellcasting   | |  2.0

Action                   |  1- 3 |  4- 6 |  7- 9 || total
-------------------------+-------+-------+-------++-------
Melee: Unarmed           |   132 |   198 |   114 ||   444
       Punch             |     2 |     3 |     1 ||     6
 Cast: Spider Form       |     2 |    12 |     7 ||    21
       Sticks to Snakes  |     1 |       |     3 ||     4
       Beastly Appendage |       |       |     1 ||     1
  Use: Scroll            |       |    16 |       ||    16
       Potion            |       |       |     3 ||     3
 Stab: Sleeping          |     1 |     3 |       ||     4
  Eat: Chunk             |     2 |    11 |     2 ||    15
       Ration            |       |       |     1 ||     1
Armor: Robe              |    52 |    29 |    19 ||   100
       Skin              |     1 |     4 |     4 ||     9
Dodge: Dodged            |   120 |   136 |   156 ||   412

Table legend:
 A = Spawn XP
 B = Non-spawn XP
 C = Spawn XP percentage of total XP
 D = Spawn monster count
 E = Non-spawn monster count
 F = Spawn count percentage of total count
 G = Total turns spent on level
                    A         B        C        D         E        F      G
               +---------+---------+-------+---------+---------+-------+---------
         Total |       0 |    1913 |   0.0 |       0 |     102 |   0.0 |  5825
               +---------+---------+-------+---------+---------+-------+---------
           D:1 |       0 |      47 |   0.0 |       0 |      27 |   0.0 |  1177
           D:2 |       0 |      56 |   0.0 |       0 |      19 |   0.0 |   720
           D:3 |       0 |      15 |   0.0 |       0 |       6 |   0.0 |   632
           D:4 |       0 |      65 |   0.0 |       0 |       4 |   0.0 |   530
           D:5 |       0 |     328 |   0.0 |       0 |      16 |   0.0 |  1145
           D:6 |       0 |     507 |   0.0 |       0 |      17 |   0.0 |   945
           D:7 |       0 |     895 |   0.0 |       0 |      13 |   0.0 |   676
               +---------+---------+-------+---------+---------+-------+---------
